AoeStats
← izflores77yes

Four Lakes

509026403Analyzed
1v1 RM · 8d ago on Sep 25, 2026· 49m 37s· 2 players
Game mode
Random Map
Map size
Tiny (2 player)
Population
200
Speed
Normal
Resources
Standard
Victory
Conquest
Starting age
Dark Age
Ending age
Imperial Age
RankedLock teamsTeams togetherTeam positionsShared explorationLock speedFull tech treeHidden civsTurbo modeCheats
Victory
Defeat
🇦🇷 Malians · Argentina
567
+17
🇺🇸 Turks · United States
582
-34
INK
2:45 Loom
10:39 Feudal Age
12:15 Man-at-Arms
13:28 Arson
13:54 Double-Bit Axe
17:25 Town Watch
21:19 Castle Age
20:38 Scale Mail Armor
20:49 Forging
21:58 Stone Mining
23:55 Bow Saw
24:02 Squires
24:24 Pikeman
28:08 Wheelbarrow
28:57 Stone Shaft Mining
29:15 Fervor
29:01 Gold Mining
31:11 Hand Cart
32:20 Tigui
32:55 Town Patrol
36:41 Murder Holes
37:07 Ballistics
36:58 Masonry
36:45 Horse Collar
37:29 Light Cavalry
38:06 Fishing Lines
39:37 Scale Barding Armor
43:04 Imperial Age
42:06 Gold Shaft Mining
41:40 Heavy Plow
43:18 Bloodlines
45:01 Chemistry
44:08 Farimba
44:30 Conscription
44:46 Hoardings
45:02 Chain Barding Armor
44:32 Fletching
44:14 Elite Skirmisher
46:08 Theocracy
45:50 Block Printing
44:58 Capped Ram
47:14 Architecture
46:27 Elite Gbeto
48:20 Plate Barding Armor
48:02 Chain Mail Armor
48:58 Onager
izflores77yes
1:00 Loom
14:12 Feudal Age
15:31 Wheelbarrow
16:06 Town Watch
18:15 Bloodlines
26:31 Double-Bit Axe
27:36 Fishing Lines
28:42 Gold Mining
28:42 Stone Mining
35:30 Horse Collar
39:39 Castle Age
40:30 Husbandry
39:54 Crossbowman
41:11 Gillnets
43:21 Guard Tower
44:21 Scale Barding Armor
44:17 Scale Mail Armor
44:17 Padded Archer Armor
45:10 Hand Cart
49:33 Town Patrol
Connection lost

Rejoining the realm…

Still unreachable

The connection could not be restored.

Session expired

The server has moved on; the page needs a fresh start.